cohdb
Replays
Latest Replays
All Replays
Popular Replays
Top Player Replays
Match Explorer
How It Works
Community
CoH3 Stats
Reddit
Sign in to upload your games and track your stats! →
Sign in with Steam
Match 47362330
Unlisted
Match 47362330
Overview
Messages
Build Orders
End
Vickers Machine Gun Team
Construct Section Command Post
Selects Canadian Shock Battlegroup
ML 3-inch Mortar Team
Infantry Section
Infantry Section
Vickers Machine Gun Team
Selects Incendiary Munitions
Construct Platoon Command Post
Selects Attacking Spirit
Selects Canadian Shock Section
Canadian Shock Section
Construct Field Infirmary
Unlock Bishop Self-propelled Artillery
CMP 15cwt Truck
Selects Pyrotechnics
Grenade Package
Canadian Shock Section
Bishop Self-propelled Artillery
6-pounder Anti-tank Gun Team
Selects Demolition Engineering
Canadian Shock Section
linguine
Haydn
ManBearPig
gsewaklm
0
0
Comments
sign in to comment!
No comments posted yet!